 Dungeon Crawl Stone Soup version 0.30-a0-122-g2a1322497e (webtiles) character file.

Game seed: 8088106091956791223

562 greasedhog the Ruffian (level 7, -11/38 HPs)
             Began as a Gargoyle Transmuter on Sept 17, 2022.
             Mangled by an ogre
             ... wielding a +0 giant club
              (24 damage)
             ... on level 5 of the Dungeon.
             The game lasted 00:07:42 (5359 turns).

greasedhog the Ruffian (Gargoyle Transmuter)        Turns: 5359, Time: 00:07:43

Health: -11/38     AC:  8    Str: 13    XL:     7   Next: 31%
Magic:  10/10      EV: 12    Int: 16    God:
Gold:   59         SH:  0    Dex: 15    Spells: 4/10 levels left

rFire   . . .      SeeInvis .      - Unarmed
rCold   . . .      Faith    .    (no shield)
rNeg    + . .      Spirit   .    q - +1 robe of Defence {Rampage Will- Dex+5}
rPois   ∞          Reflect  .    (no helmet)
rElec   +          Harm     .    o - +0 cloak
rCorr   .          Rampage  +    (no gloves)
Will    .....                    (no boots)
Stlth   +.........               (no amulet)
HPRegen 0.12/turn                (no ring)
MPRegen 0.12/turn                (no ring)

@: no status effects
A: sickness immunity, AC +4, negative energy resistance 1, electricity
resistance, torment resistance 1, petrification resistance
a: no special abilities


You were on level 5 of the Dungeon.
You visited 1 branch of the dungeon, and saw 5 of its levels.

You collected 242 gold pieces.
You spent 183 gold pieces at shops.

Inventory:

Missiles
 i - 3 curare-tipped darts
Armour
 o - a +0 cloak (worn)
 q - the +1 robe of Defence (worn) {Rampage Will- Dex+5}
   (You bought it in a shop on level 4 of the Dungeon)

   Dex:       It affects your dexterity (+5).
   Rampage:   It bestows one free step when moving towards enemies.
   Will:      It decreases your willpower.
Wands
 r - a wand of flame (18)
 s - a wand of charming (3)
Scrolls
 d - a scroll of blinking
 f - a scroll of enchant armour
 h - a scroll of silence {unknown}
 j - a scroll of torment {unknown}
 k - a scroll of magic mapping
 l - a scroll of fear
Potions
 a - a potion of haste {unknown}
 b - 3 potions of lignification
 c - 4 potions of curing {unknown}
 e - a potion of might {unknown}
 g - a potion of brilliance {unknown}
 m - a potion of cancellation {unknown}
 n - 2 potions of heal wounds {unknown}
 p - a potion of berserk rage


   Skills:
 - Level 1.1 Fighting
 - Level 1.5 Dodging
 - Level 5.0 Unarmed Combat
 - Level 2.0 Spellcasting
 * Level 4.7 Transmutations
 * Level 3.2 Poison Magic


You had 4 spell levels left.
You knew the following spells:

 Your Spells              Type           Power      Damage    Failure   Level
a - Beastly Appendage     Tmut           32%        N/A       3%          1
b - Wereblood             Tmut           16%        N/A       4%          2
c - Spider Form           Tmut/Pois      14%        N/A       12%         3

Your spell library contained the following spells:

 Spells                   Type           Power      Damage    Failure   Level
 Poisonous Vapours        Pois/Air       12%        N/A       16%         2
 Ice Form                 Ice/Tmut       9%         N/A       61%         4
 Cigotuvi's Dreadful Rot  Necr/Pois/Air  Unusable   N/A       N/A         2

Dungeon Overview and Level Annotations

Branches:
Dungeon (5/15)
 Temple: D:4-7

Altars:
Kikubaaqudgha
Qazlal

Shops:
D:4 [   D:5 ?


Innate Abilities, Weirdness & Mutations

You are immune to sickness and miasma.
Your stone body is resilient. (AC +4)
You are immune to poison.
You resist negative energy. (rN+)
You are resistant to electric shocks. (rElec)
You are resistant to unholy torment.
You are immune to petrification.


Message History

No target in view!
No target in view!
Your transformation is almost over.
There is an open door here.
There is an open door here.
You open the door.
An ogre comes into view. It is wielding a +0 giant club.
The ogre shouts!
Your transformation has ended.
Your +0 cloak unmelds from your body.
The +1 robe of Defence {Rampage Will- Dex+5} unmelds from your body.
The ogre closely misses you.
There is an open door here.
You hit the ogre.
The ogre is lightly wounded.
You hit the ogre.
The ogre is moderately wounded.
The ogre hits you with a +0 giant club!!
Ouch! That really hurt!
You are too injured to fight recklessly!
You hit the ogre.
The ogre is moderately wounded.
You hit the ogre but do no damage.
The ogre is moderately wounded.
The ogre hits you with a +0 giant club.
You completely miss the ogre.
The ogre is moderately wounded.
The ogre closely misses you.
You hit the ogre.
The ogre is heavily wounded.
You hit the ogre.
The ogre is severely wounded.
The ogre barely misses you.
You hit the ogre but do no damage.
The ogre is severely wounded.
You hit the ogre.
The ogre is severely wounded.
The ogre hits you with a +0 giant club!!
Ouch! That really hurt!
You die...

.~ ### #.# ##.##
###.##### ... ........#
#O####.......# #
#@#..##......# #.
+.'...#......# #.#
##.##.##......#
####..###.#÷###.......#
#.........#...........#
.#####..###..........#
#..<.......#'########
#.#........#.############
#.##########............#


You could see an ogre.

Vanquished Creatures
  A phantom (D:4)
  A scorpion (D:4)
  A hound (D:4)
  An orc priest (D:4)
  2 iguanas (D:5)
  An orc wizard (D:3)
  8 gnolls
  3 adders (D:2)
  A white imp (D:5)
  4 worms
  3 dart slugs
  7 orcs
  5 bats
  12 endoplasms
  A giant cockroach (D:3)
  36 goblins
  31 hobgoblins
  6 jackals
  10 kobolds
  5 quokkas
  5 ball pythons
  2 frilled lizards
  4 rats
150 creatures vanquished.

Notes
Turn   | Place    | Note
-------+----------+-------------------------------------------
     0 | D:1      | greasedhog the Gargoyle Transmuter began the quest for the
                  | Orb.
     0 | D:1      | Reached XP level 1. HP: 12/12 MP: 3/3
    46 | D:1      | Found a faded altar of an unknown god.
   152 | D:1      | Reached XP level 2. HP: 16/16 MP: 1/5
  1119 | D:1      | You fall into a shaft and drop 1 floor!
  1205 | D:2      | Reached XP level 3. HP: 18/20 MP: 4/6
  1470 | D:2      | Reached skill level 4 in Unarmed Combat
  1470 | D:2      | Reached XP level 4. HP: 13/25 MP: 5/7
  1975 | D:2      | Learned a level 2 spell: Wereblood
  1979 | D:2      | Learned a level 3 spell: Spider Form
  2293 | D:3      | Reached XP level 5. HP: 27/29 MP: 6/8
  3099 | D:3      | Reached skill level 5 in Unarmed Combat
  3107 | D:3      | Reached XP level 6. HP: 32/34 MP: 6/9
  3304 | D:3      | Reached skill level 1 in Poison Magic
  3860 | D:4      | Found Quatuf's Antique Armour Shoppe.
  3877 | D:4      | Bought a faintly humming robe for 159 gold pieces
  3877 | D:4      | Identified the +1 robe of Defence {Rampage Will- Dex+5}
                  | (You bought it in a shop on level 4 of the Dungeon)
  4237 | D:4      | Reached XP level 7. HP: 33/38 MP: 6/10
  4676 | D:4      | Found a stormy altar of Qazlal.
  4676 | D:4      | Found an ancient bone altar of Kikubaaqudgha.
  4990 | D:5      | Entered Level 5 of the Dungeon
  5256 | D:5      | Found Jababef's Magic Scroll Shop.
  5259 | D:5      | Bought a scroll of identify for 24 gold pieces
  5359 | D:5      | Mangled by an ogre

Illustrated notes

Levels and vault maps discovered:
D:1:      amcnicky_arrival_underground_garden, layout_loops_ring,
          basic_ecumenical_altar, nicolae_wormholes
D:2:      layout_basic, minivault_14, kennysheep_generic_room_5
D:3:      minmay_goblin_kobold_castle, layout_rooms
D:4:      layout_rooms, gammafunk_temple_overflow_pools, serial_rivers,
          chequers_serial_rivers_micro_b, chequers_serial_rivers_small_3,
          chequers_serial_rivers_micro_b, chequers_serial_rivers_small_3,
          serial_shops, nicolae_shop_trees
D:5:      layout_basic, nemelex_dance_club_becter, serial_shops,
          kennysheep_mini_moat, chequers_serial_rivers_large_b

Skill      XL: |  1  2  3  4  5  6  7 |
---------------+----------------------+-----
Transmutations | 2 3 4 |  4.7
Unarmed Combat | 4 5 |  5.0
Poison Magic   | 2 3 |  3.2
Fighting       | |  1.1
Dodging        | |  1.5
Spellcasting   | |  2.0

Action                   |  1- 3 |  4- 6 |  7- 9 || total
-------------------------+-------+-------+-------++-------
Melee: Unarmed           |    70 |   238 |    51 ||   359
       Kick              |    16 |    51 |     9 ||    76
       Headbutt          |     9 |    29 |     6 ||    44
       Punch             |       |     4 |     1 ||     5
 Cast: Beastly Appendage |    20 |    34 |     6 ||    60
       Wereblood         |       |    13 |     2 ||    15
       Spider Form       |       |     1 |     2 ||     3
  Use: Scroll            |     3 |     3 |     3 ||     9
 Stab: Sleeping          |     1 |     1 |     1 ||     3
Armor: Robe              |    27 |   103 |    17 ||   147
       Skin              |       |       |     1 ||     1
Dodge: Dodged            |    54 |   198 |    25 ||   277

Table legend: (Time is in decaauts)
 A = Elapsed time spent in this place.
 B = Non-inter-level travel time spent in this place.
 C = Inter-level travel time spent in this place.
 D = Time resting spent in this place.
 E = Time spent auto-exploring this place.
 F = Levels seen in this place.
 G = Mean time per level.
                   A        B        C        D        E       F      G
               +--------+--------+--------+--------+--------+-----+--------+
         Total |   5348 |   5206 |    142 |    494 |   3927 |   5 | 1069.6 |
       Dungeon |   5348 |   5206 |    142 |    494 |   3927 |   5 | 1069.6 |
               +--------+--------+--------+--------+--------+-----+--------+

Top non-repeatable levels by time:
     D:3: 1540 daAuts
     D:1: 1209 daAuts
     D:4: 1151 daAuts
     D:2: 1081 daAuts
     D:5: 366 daAuts
